 Dungeon Crawl Stone Soup version 0.26.1-11-gd32895ea62 (webtiles) character file.

Game seed: 18240672769280928060

79 H0rd4k the Insei (level 4, -1/28 HPs)
             Began as an Octopode Transmuter on July 20, 2021.
             Slain by an orc
             ... wielding a +0 trident
              (7 damage)
             ... on level 3 of the Dungeon.
             The game lasted 00:01:36 (2805 turns).

H0rd4k the Insei (Octopode Transmuter)              Turns: 2805, Time: 00:01:38

Health: -1/28      AC:  1    Str: 15    XL:     4   Next: 38%
Magic:  7/7        EV: 13    Int: 16    God:
Gold:   128        SH:  0    Dex: 12    Spells: 3/7 levels left

rFire    . . .     SeeInvis .     - Unarmed
rCold    . . .     Faith    .   (no shield)
rNeg     . . .     Spirit   .   (helmet restricted)
rPois    .         Reflect  .   (no amulet)
rElec    .         Harm     .   k - +6 ring of strength
rCorr    .         Rampage  .   (no ring)
Will     .....                  (no ring)
Stlth    ++........             (no ring)
HPRegen  0.09/turn              (no ring)
MPRegen  0.10/turn              (no ring)
                                (no ring)
                                (no ring)

@: no status effects
A: almost no armour, stealthy swim, amphibious, 8 rings, constrict 8, camouflage
1, gelatinous body 1
a: no special abilities


You were on level 3 of the Dungeon.
You visited 1 branch of the dungeon, and saw 3 of its levels.

You collected 128 gold pieces.

Inventory:

Missiles
 q - 6 poisoned darts
Magical Staves
 s - an uncursed staff of death {unknown}
Jewellery
 k - a +6 ring of strength (left tentacle)
 r - an uncursed ring of see invisible {unknown}
Scrolls
 b - 2 scrolls of identify {unknown}
 f - 2 scrolls of remove curse {unknown}
 h - a scroll of teleportation {unknown}
 j - a scroll of enchant weapon {unknown}
 l - a scroll of enchant armour {unknown}
 n - a scroll of magic mapping {unknown}
 p - a scroll of amnesia {unknown}
Potions
 a - 2 potions of curing {unknown}
 c - a potion of cancellation {unknown}
 d - a potion of lignification {unknown}
 e - a potion of resistance {unknown}
 g - a potion of berserk rage {unknown}
 i - 2 potions of invisibility {unknown}
 m - a potion of mutation {unknown}
 o - a potion of attraction {unknown}


   Skills:
 + Level 1.1 Fighting
 + Level 2.3 Dodging
 - Level 0.4 Stealth
 + Level 4.1 Unarmed Combat
 * Level 2.2 Spellcasting
 * Level 2.6 Transmutations
 * Level 1.0 Poison Magic


You had 3 spell levels left.
You knew the following spells:

 Your Spells              Type           Power        Failure   Level
a - Beastly Appendage     Tmut           20%          7%          1
b - Spider Form           Tmut/Pois      3%           28%         3

Your spell library contained the following spells:

 Spells                   Type           Power        Failure   Level
 Wereblood                Tmut           10%          11%         2
 Ice Form                 Ice/Tmut       5%           75%         4
 Blade Hands              Tmut           5%           89%         5


Dungeon Overview and Level Annotations

Branches:
Dungeon (3/15)

Altars:
Uskayaw


Innate Abilities, Weirdness & Mutations

You cannot wear most types of armour.
You are very stealthy in the water. (Stealth+)
You are amphibious.
You can wear up to eight rings at the same time.
You can use your tentacles to constrict eight enemies at once.
Your skin changes colour to match your surroundings (Stealth+).
Your rubbery body absorbs attacks. (AC +1, EV +1)


Message History

You are too injured to fight recklessly!
You are too injured to fight recklessly!
You are too injured to fight recklessly!
You are too injured to fight recklessly!
You are too injured to fight recklessly!
You are too injured to fight recklessly!
You are too injured to fight recklessly!
You are too injured to fight recklessly!
You are too injured to fight recklessly!
You are too injured to fight recklessly!
You are too injured to fight recklessly!
You are too injured to fight recklessly!
You are too injured to fight recklessly!
You are too injured to fight recklessly!
You release your grip on the orc.
The orc barely misses you. The orc hits you.
* * * LOW HITPOINT WARNING * * *
The orc hits you from afar with a +0 trident!
You die...

########## #...#....#
#...#....#
###...#....#######
#.o...+....##....#
#.#...#....##....####
#†#o@.#....##....#...
#.#.o......##....#...
..o.........'..[.'...
#..#....#.####....#...
#..######+# ######...
#..# ... ######...
#..# [... #........
#..# .....##.###....
............##.


You could see 4 orcs.

Vanquished Creatures
  2 adders (D:2)
  2 oozes
  A worm (D:3)
  A dart slug (D:2)
  5 leopard geckos
  3 giant cockroaches
  5 goblins
  4 hobgoblins
  2 jackals (D:2)
  2 kobolds
  3 quokkas
  A ball python (D:3)
  6 bats
  4 frilled lizards
  2 rats (D:1)
43 creatures vanquished.

Notes
Turn   | Place    | Note
-------+----------+-------------------------------------------
     0 | D:1      | H0rd4k the Octopode Transmuter began the quest for the Orb.
     0 | D:1      | Reached XP level 1. HP: 13/13 MP: 3/3
   449 | D:1      | Reached XP level 2. HP: 9/18 MP: 5/5
  1496 | D:2      | Found a hide-covered altar of Uskayaw.
  1576 | D:2      | Reached XP level 3. HP: 12/23 MP: 6/6
  1580 | D:2      | Learned a level 3 spell: Spider Form
  2491 | D:3      | Reached XP level 4. HP: 25/28 MP: 7/7
  2495 | D:3      | Reached skill level 4 in Unarmed Combat
  2799 | D:3      | Reached skill level 1 in Poison Magic
  2805 | D:3      | Slain by an orc

Illustrated notes

Levels and vault maps discovered:
D:1:      mrwooster_arrival_arrow, layout_loops_corners
D:2:      layout_basic, overflow_temple_1_default, grunt_decor_fettered,
          serial_park_tiny_1
D:3:      layout_basic

Skill      XL: |  1  2  3  4 |
---------------+-------------+-----
Unarmed Combat | 4 |  4.1
Poison Magic   | 1 |  1.0
Fighting       | |  1.1
Dodging        | |  2.3
Stealth        | |  0.4
Spellcasting   | |  2.2
Transmutations | |  2.6

Action                   |  1- 3 |  4- 6 || total
-------------------------+-------+-------++-------
Melee: Unarmed           |    78 |    23 ||   101
       Constrict         |    16 |     6 ||    22
       Tentacles         |     9 |     6 ||    15
       Kick              |     2 |       ||     2
 Cast: Beastly Appendage |     2 |       ||     2
 Stab: Sleeping          |     7 |     1 ||     8
Armor: Skin              |     5 |     1 ||     6
Dodge: Dodged            |    40 |    16 ||    56
